 Dungeon Crawl Stone Soup version 0.22-a0-283-g1871b15 (webtiles) character file.

3679 mhoghedin the Nimble (level 10, 0/61 HPs)
             Began as a Tengu Wizard on Mar 17, 2018.
             Was a Believer of Kikubaaqudgha.
             Slain by a basilisk (7 damage)
             ... on level 9 of the Dungeon on Mar 18, 2018.
             The game lasted 00:45:04 (14334 turns).

mhoghedin the Nimble (Tengu Wizard)                Turns: 14334, Time: 00:45:06

Health: 0/61       AC:  5    Str:  8    XL:     10   Next: 13%
Magic:  14/18      EV:  2    Int: 22    God:    Kikubaaqudgha [**....]
Gold:   446        SH:  0    Dex: 12    Spells: 1/18 levels left

rFire    . . .     SeeInvis .   w - +0 whip (drain)
rCold    . . .     Gourm    .   (no shield)
rNeg     + + +     Faith    .   d - +1 leather armour {rN+}
rPois    ∞         Spirit   .   b - +0 hat
rElec    .         Reflect  .   (no cloak)
rCorr    .         Harm     .   p - +0 pair of gloves
MR       .....                  (boots unavailable)
Stlth    ++........             (no amulet)
HPRegen  0.20/turn              (no ring)
MPRegen  0.16/turn              (no ring)

@: petrified
A: beak, talons 3, able to fly 1
a: Fly, Receive Corpses, Renounce Religion


You were on level 9 of the Dungeon.
You worshipped Kikubaaqudgha.
Kikubaaqudgha was pleased with you.
You were not hungry.

You visited 2 branches of the dungeon, and saw 10 of its levels.

You collected 446 gold pieces.

Inventory:

Hand Weapons
 m - a +2 hand axe of freezing
   (You found it on level 2 of the Dungeon)
 w - a +0 whip of draining (weapon)
   (You took it off an orc on level 7 of the Dungeon)
Armour
 b - a +0 hat (worn)
 d - a +1 leather armour of positive energy (worn)
   (You found it on level 6 of the Dungeon)
 p - a +0 pair of gloves (worn)
   (You found it on level 6 of the Dungeon)
Jewellery
 l - an uncursed ring of ice {rC+, rF-}
   (You took it off a spriggan on level 7 of the Dungeon)
Wands
 v - a wand of enslavement (11)
   (You took it off Ijyb on level 5 of the Dungeon)
Scrolls
 n - a scroll of enchant weapon
 t - a scroll of vulnerability {!r!r}
Potions
 c - a potion of magic
 e - 4 potions of haste
 g - a potion of might {unknown}
 i - 5 potions of agility
 o - a potion of heal wounds
 s - 2 potions of lignification {!q}
 u - a potion of degeneration {unknown}
Comestibles
 a - a chunk of flesh {@w0}
 k - 4 rations


   Skills:
 + Level 6.7 Fighting
 - Level 5.3(6.3) Axes
 + Level 4.9(6.0) Maces & Flails
 + Level 8.4 Dodging
 - Level 2.0 Stealth
 - Level 4.9 Spellcasting
 - Level 5.0 Conjurations
 - Level 2.2 Summonings
 - Level 3.1 Necromancy
 - Level 0.7 Translocations
 - Level 1.7 Fire Magic
 - Level 2.1 Air Magic


You had one spell level left.
You knew the following spells:

 Your Spells              Type           Power        Failure   Level  Hunger
a - Magic Dart            Conj           ####         1%          1    None
b - Blink                 Tloc           N/A          17%         2    None
c - Call Imp              Summ           ###.....     9%          2    None
d - Conjure Flame         Conj/Fire      ###.....     11%         3    ##.....
e - Vampiric Draining     Necr           ###.......   12%         3    ##.....
m - Sublimation of Blood  Necr           ###.......   6%          2    None
x - Mephitic Cloud        Conj/Pois/Air  ###.....     17%         3    ##.....
A - Animate Skeleton      Necr           N/A          4%          1    None


Dungeon Overview and Level Annotations

Branches:
Dungeon (9/15)             Temple (1/1) D:4
   Lair: D:8-11         Orc: D:9-12

Altars:
Ashenzari
Cheibriados
Dithmenos
Elyvilon
Fedhas
Gozag
Hepliaklqana
Kikubaaqudgha
Makhleb
Nemelex Xobeh
Qazlal
Ru
Sif Muna
Trog
Uskayaw
Vehumet
Wu Jian
Xom
Yredelemnul
Zin
The Shining One

Annotations:
D:6 Amnesiac's ghost, novice TeWz
D:9 Joseph


Innate Abilities, Weirdness & Mutations

You have a beak for a mouth.
You have claws for feet.
You can fly.


Message History

t - Shout!
Orders for allies: a - Attack new target. p - Attack previous target. r - Retreat! s - Stop attacking. g - Guard the area. f - Follow me.
Anything else - Cancel.
Gang up on whom?
Aim: Joseph, wielding a hunting sling and wearing a ring mail Attack!
The basilisk gazes at your two-headed ogre skeleton.
Your two-headed ogre skeleton resists with significant effort.
Joseph shoots a sling bullet.
The sling bullet hits you!
You take 8 damage, and have 42/61 hp.
Your two-headed ogre skeleton is moving more slowly.
Your two-headed ogre skeleton hits Joseph with a giant club!
Your two-headed ogre skeleton hits Joseph with a giant spiked club.
Joseph shoots a sling bullet.
The sling bullet completely misses you.
Joseph shoots a sling bullet.
The sling bullet misses your iguana. The sling bullet completely misses you.
A crocodile comes into view.
Joseph unwields an uncursed hunting sling.
Joseph wields an uncursed quarterstaff.
Joseph hits your iguana with an uncursed quarterstaff!
What are your orders? t - Shout!
Orders for allies: a - Attack new target. p - Attack previous target. r - Retreat! s - Stop attacking. g - Guard the area. f - Follow me.
Anything else - Cancel.
Gang up on whom?
Aim: Joseph, wielding a quarterstaff and wearing a ring mail (lightly wounded) Attack!
The basilisk gazes at your two-headed ogre skeleton.
Your two-headed ogre skeleton stops moving altogether!
Your iguana closely misses Joseph.
Kikubaaqudgha delivers you corpses!
You feel somewhat more hungry.
The basilisk bites your two-headed ogre skeleton.
Your two-headed ogre skeleton is destroyed!
Joseph closely misses your iguana.
Your iguana closely misses Joseph.
A yak comes into view.
You now have 15/18 mp.
Unknown command.
A yak comes into view.
The basilisk gazes at your iguana.
Your iguana resists with significant effort.
You see here a worm corpse.
There is nothing here that can be animated!
The basilisk gazes at your iguana.
Your iguana is moving more slowly.
Your iguana bites the basilisk.
The crocodile bites your iguana!
Your iguana dies!
The basilisk hisses angrily.
You hear a bellow!
You see here a rat corpse.
You hear a bellow! x2
Joseph unwields an uncursed quarterstaff.
Joseph wields an uncursed hunting sling.
Joseph shoots a sling bullet.
The sling bullet hits you.
You take 2 damage, and have 41/61 hp.
Okay, then.
Unknown command.
Unknown command.
Joseph shoots a sling bullet.
The sling bullet hits you!
You take 8 damage, and have 33/61 hp.
Joseph says, "I'm here to kill trespassers.
I like my job."
Joseph shoots a sling bullet.
The sling bullet completely misses you.
Joseph shoots a sling bullet.
The sling bullet hits you!
A yak comes into view.
You see here a sling bullet.
You take 7 damage, and have 26/61 hp.
Joseph shoots a sling bullet.
The sling bullet hits you!
* * * LOW HITPOINT WARNING * * *
You see here 2 sling bullets.
You take 12 damage, and have 14/61 hp.
Unknown command.
As you read the scroll of teleportation, it crumbles to dust.
You feel strangely unstable.
Joseph shoots a sling bullet.
The sling bullet barely misses you.
Unknown command.
You see here a sling bullet.
Your surroundings suddenly seem different.
A bullfrog comes into view.
The bullfrog croaks.
You hear a shout! x4
MP restored: 18 The bullfrog hits you but does no damage.
You blink.
The basilisk gazes at you.
You are slowing down.
You now have 16/18 mp.
You blink.
An orc comes into view. It is wielding a hand axe.
The basilisk gazes at you.
Your limbs have turned to stone.
The basilisk bites you!
* * * LOW HITPOINT WARNING * * *
You have turned to stone.
An orc comes into view. It is wielding a club.
The bullfrog hits you.
* * * LOW HITPOINT WARNING * * *
The basilisk bites you!
You die...
Kikubaaqudgha rasps: "You have failed me!
Welcome... oblivion!"

.. ........## .. ........# ..
.......### ..... ........##
#...... ........ .+.... #.#...
....(
.###########F#(#.+####+###....
...........§l@..............##
############.#.#............##
........#.# .......†(.(..
.....o..#.# .......(†....
........#.# .......(.#...
.......##.# ......)###...
....... .# ......l #...
.....o. .# ......Y #...
....... ....... #...


You could see a basilisk, a bullfrog and 2 orcs.

Vanquished Creatures
  A two-headed ogre (D:9)
  Pikel (D:6)
  A hippogriff (D:8)
  Sigmund (D:3)
  A spriggan (D:7)
  Menkaure (D:6)
  A water moccasin (D:6)
  4 slaves
  2 orc warriors
  A sky beast (D:7)
  An ice beast (D:5)
  An ogre (D:6)
  A crocodile (D:9)
  A big kobold (D:9)
  A scorpion (D:7)
  A water moccasin skeleton (D:8)
  2 crimson imps
  A jelly (D:7)
  3 hounds (D:7)
  4 orc priests
  3 orc wizards
  2 bullfrog skeletons (D:5)
  2 iguanas (D:4)
  4 worker ants
  A hound zombie (D:5)
  A hound skeleton (D:5)
  3 gnolls (D:3)
  9 adders
  A shadow imp (D:7)
  2 oozes
  An adder zombie (D:6)
  7 worms
  5 dart slugs
  A leopard gecko (D:6)
  16 orcs
  6 giant cockroaches
  9 goblins
  12 hobgoblins
  3 jackals (D:1)
  10 kobolds
  5 quokkas
  2 ball pythons (D:4)
  10 bats
  4 frilled lizards
  A goblin zombie (D:7)
  A jackal skeleton (D:5)
  3 quokka zombies
  7 rats
161 creatures vanquished.

Vanquished Creatures (collateral kills)
  A water moccasin (D:5)
  A porcupine (D:9)
  A phantom (D:6)
  3 ogres
  A centaur (D:5)
  A centaur zombie (D:9)
  A hound (D:5)
  Ijyb (D:5)
  A worker ant (D:5)
  An adder (D:2)
  A dart slug (D:1)
  A bat (D:2)
  A quokka (D:6)
15 creatures vanquished.

Vanquished Creatures (others)
  A jelly (D:6)
  An iguana (D:9)
  2 bushes (D:9)
  2 fungi (D:9)
  5 plants (D:9)
11 creatures vanquished.

Grand Total: 187 creatures vanquished

Notes
Turn   | Place    | Note
-------+----------+-------------------------------------------
     0 | D:1      | mhoghedin the Tengu Wizard began the quest for the Orb.
     0 | D:1      | Reached XP level 1. HP: 10/10 MP: 5/5
    87 | D:1      | Reached skill level 2 in Conjurations
   118 | D:1      | Reached XP level 2. HP: 15/15 MP: 0/7
   191 | D:1      | Learned a level 2 spell: Call Imp
   194 | D:1      | Learned a level 2 spell: Blink
   524 | D:1      | Reached skill level 3 in Conjurations
   524 | D:1      | Reached XP level 3. HP: 19/19 MP: 0/8
   596 | D:1      | Learned a level 3 spell: Conjure Flame
  1491 | D:2      | Found a bloodstained altar of Trog.
  1673 | D:2      | Found a sparkling altar of Nemelex Xobeh.
  1673 | D:2      | Found a white marble altar of Elyvilon.
  1802 | D:2      | Reached skill level 4 in Spellcasting
  1982 | D:2      | Reached XP level 4. HP: 24/24 MP: 8/11
  1992 | D:2      | Learned a level 3 spell: Mephitic Cloud
  2848 | D:3      | Reached skill level 4 in Conjurations
  2919 | D:3      | Gained mutation: You can fly. [Tengu growth]
  2919 | D:3      | Reached XP level 5. HP: 28/28 MP: 4/12
  3710 | D:3      | Noticed Sigmund
  3721 | D:3      | Killed Sigmund
  3721 | D:3      | Reached skill level 2 in Summonings
  3721 | D:3      | Reached skill level 1 in Fire Magic
  3721 | D:3      | Reached skill level 2 in Air Magic
  3721 | D:3      | Reached XP level 6. HP: 32/32 MP: 1/14
  3969 | D:3      | Found a glowing golden altar of the Shining One.
  4227 | D:3      | Reached skill level 5 in Conjurations
  4384 | D:4      | Found a staircase to the Ecumenical Temple.
  4395 | Temple   | Entered the Ecumenical Temple
  4619 | Temple   | Became a worshipper of Kikubaaqudgha
  4885 | D:4      | Reached skill level 1 in Fighting
  4947 | D:4      | Noticed an orc warrior
  5036 | D:4      | Killed an orc warrior
  5036 | D:4      | Reached skill level 2 in Fighting
  5036 | D:4      | Reached XP level 7. HP: 33/40 MP: 0/15
  5240 | D:4      | Found an opulent altar of Gozag.
  5397 | D:4      | Reached skill level 3 in Dodging
  6035 | D:5      | Entered Level 5 of the Dungeon
  6470 | D:5      | Reached skill level 1 in Axes
  6606 | D:5      | Found a bloodstained altar of Trog.
  6829 | D:5      | Reached skill level 4 in Dodging
  6853 | D:5      | Found a basalt altar of Yredelemnul.
  7140 | D:5      | HP: 7/40 [centaur/shortbow (4)]
  7140 | D:5      | Reached skill level 2 in Axes
  7653 | D:5      | Noticed Ijyb
  7695 | D:5      | Killed Ijyb
  7758 | D:5      | Reached XP level 8. HP: 21/45 MP: 0/16
  8147 | D:5      | HP: 11/45 [poisoned by a water moccasin]
  8147 | D:5      | Reached * piety under Kikubaaqudgha
  8147 | D:5      | Identified Kikubaaqudgha's Grimoire of Evil (Kikubaaqudgha gifted it to you on level 5 of the Dungeon)
  8147 | D:5      | Received a gift from Kikubaaqudgha
  8147 | D:5      | Reached skill level 3 in Axes
  8147 | D:5      | Reached skill level 5 in Dodging
  8624 | D:5      | Learned a level 1 spell: Animate Skeleton
  8627 | D:5      | Learned a level 2 spell: Sublimation of Blood
  8741 | D:6      | Got a tattered robe
  8753 | D:6      | Identified the cursed +1 robe of Autotheism {rElec rPois Str-5 Int-4} (You found it on level 6 of the Dungeon)
  8798 | D:6      | Noticed Amnesiac's ghost (novice TeWz)
  8802 | D:6      | Reached skill level 1 in Necromancy
  8842 | D:5      | HP: 11/45 [adder (2)]
  9053 | D:4      | Upgraded the game from 0.22-a0-282-gdd34a7d to 0.22-a0-283-g1871b15
  9309 | D:6      | Noticed Menkaure
  9556 | D:6      | Reached skill level 3 in Fighting
  9619 | D:7      | Noticed Pikel
 10143 | D:6      | HP: 9/46 [worker ant (4)]
 10195 | D:7      | HP: 11/46 [cloud of noxious fumes (2)]
 10202 | D:7      | HP: 8/46 [hound (4)]
 10422 | D:7      | Reached skill level 4 in Axes
 10692 | D:7      | Noticed a spriggan baker
 10722 | D:7      | Killed a spriggan baker
 10722 | D:7      | Reached skill level 4 in Fighting
 10722 | D:7      | Reached skill level 6 in Dodging
 10970 | D:7      | Reached skill level 5 in Axes
 11391 | D:7      | Reached XP level 9. HP: 47/52 MP: 13/17
 11979 | D:6      | Got a crude leather armour
 12138 | D:6      | Identified the cursed +1 leather armour of the Sturgeon {rC+ rN+ Str-5 Slay+2} (You found it on level 6 of the Dungeon)
 12266 | D:6      | Killed Pikel
 12266 | D:6      | Reached skill level 5 in Fighting
 12266 | D:6      | Reached skill level 2 in Maces & Flails
 12266 | D:6      | Reached skill level 7 in Dodging
 12806 | D:6      | HP: 13/54 [phantom (5)]
 12812 | D:6      | HP: 12/54 [poisoned by a water moccasin]
 12823 | D:6      | HP: 11/54 [phantom (2)]
 12824 | D:6      | Reached skill level 3 in Maces & Flails
 12827 | D:6      | HP: 3/55 [quokka (4)]
 12934 | D:6      | Killed Menkaure
 13159 | D:8      | Learned a level 3 spell: Vampiric Draining
 13373 | D:8      | Reached skill level 3 in Necromancy
 13552 | D:8      | Reached ** piety under Kikubaaqudgha
 13561 | D:8      | Noticed a two-headed ogre
 14128 | D:9      | Noticed a two-headed ogre
 14146 | D:9      | Killed a two-headed ogre
 14146 | D:9      | Reached skill level 6 in Fighting
 14146 | D:9      | Reached skill level 4 in Maces & Flails
 14146 | D:9      | Reached skill level 8 in Dodging
 14146 | D:9      | Reached XP level 10. HP: 46/61 MP: 5/18
 14292 | D:9      | Noticed Joseph
 14318 | D:9      | HP: 14/61 [Joseph/sling bullet (12)]
 14333 | D:9      | HP: 9/61 [basilisk (9)]
 14334 | D:9      | Slain by a basilisk

Vault maps used:
D:1:      dpeg_arrival_tiny_j, serial_curves, eino_curves_04, eino_curves_03
D:2:      wad_river_or_something, gammafunk_temple_overflow_forgotten,
          serial_forest, infiniplex_forest_clump_tiny,
          infiniplex_forest_clump_small, infiniplex_forest_lined_room_3,
          infiniplex_forest_clump_tiny, infiniplex_forest_lined_corner,
          infiniplex_forest_end_2, kennysheep_generic_room_11
D:3:      first_ration, grunt_ministairs_8, tso_altar, uniq_sigmund
D:4:      lemuel_doored_altar, temple_pool_b
D:5:      lemuel_coloured_pillars_altar, trog_book, uniq_ijyb
D:6:      kennysheep_okawaru_gauntlet, serial_shops, shop,
          uniq_crazy_yiuf_cottage, uniq_menkaure
D:7:      enter_ossuary_4, the_bakery, uniq_pikel
D:9:      minmay_lair_entry_grove, david_orc_2, uniq_joseph
Temple:   eino_temple_scatter_basement

Skill      XL: |  1  2  3  4  5  6  7  8  9 |
---------------+----------------------------+-----
Conjurations   | 2 3 4 5 |  5.0
Spellcasting   | 4 |  4.9
Summonings     | 2 |  2.2
Fire Magic     | 1 |  1.7
Air Magic      | 2 |  2.1
Fighting       | 2 4 6 |  6.7
Dodging        | 4 6 8 |  8.4
Axes           | 2 5 |  5.3
Necromancy     | 1 3 |  3.1
Maces & Flails | 4 |  4.9
Stealth        | |  2.0
Translocations | |  0.7

Action                   |  1- 3 |  4- 6 |  7- 9 | 10-12 || total
-------------------------+-------+-------+-------+-------++-------
Melee: Unarmed           |    14 |       |       |       ||    14
       Kick              |     3 |    19 |    51 |     1 ||    74
       Peck              |     2 |     2 |    36 |     1 ||    41
       Hand axe          |       |    81 |   238 |       ||   319
       Whip              |       |       |   122 |     1 ||   123
 Cast: Magic Dart        |    99 |    29 |   120 |       ||   248
       Call Imp          |     6 |     3 |    26 |       ||    35
       Conjure Flame     |     1 |     9 |    23 |     2 ||    35
       Mephitic Cloud    |       |    11 |    20 |       ||    31
       Blink             |       |       |    20 |     2 ||    22
       Animate Skeleton  |       |       |     3 |     1 ||     4
       Vampiric Draining |       |       |     1 |     1 ||     2
Invok: Receive Corpses   |       |       |       |     1 ||     1
 Abil: Fly               |       |     2 |       |       ||     2
Evoke: Wand              |       |       |     6 |     2 ||     8
  Use: Scroll            |     3 |     4 |    14 |     1 ||    22
       Potion            |       |     1 |     4 |       ||     5
 Stab: Sleeping          |       |     6 |     2 |       ||     8
       Confused          |       |     2 |     1 |       ||     3
  Eat: Ration            |     1 |     3 |     8 |       ||    12
       Chunk             |       |     2 |     5 |       ||     7
Armor: Robe              |     3 |    16 |    23 |       ||    42
       Leather armour    |       |       |    28 |     1 ||    29
Dodge: Dodged            |    24 |    63 |   339 |     6 ||   432

Table legend:
 A = Spawn XP
 B = Non-spawn XP
 C = Spawn XP percentage of total XP
 D = Spawn monster count
 E = Non-spawn monster count
 F = Spawn count percentage of total count
 G = Total turns spent on level
                    A         B        C        D         E        F      G
               +---------+---------+-------+---------+---------+-------+---------
         Total |       0 |    5256 |   0.0 |       0 |     172 |   0.0 | 14334
               +---------+---------+-------+---------+---------+-------+---------
           D:1 |       0 |      55 |   0.0 |       0 |      27 |   0.0 |  1405
           D:2 |       0 |      73 |   0.0 |       0 |      24 |   0.0 |  1442
           D:3 |       0 |     335 |   0.0 |       0 |      32 |   0.0 |  1482
           D:4 |       0 |     347 |   0.0 |       0 |      16 |   0.0 |  2265
           D:5 |       0 |     687 |   0.0 |       0 |      23 |   0.0 |  2839
           D:6 |       0 |    1208 |   0.0 |       0 |      11 |   0.0 |  1633
           D:7 |       0 |     770 |   0.0 |       0 |      23 |   0.0 |  1914
           D:8 |       0 |     565 |   0.0 |       0 |       8 |   0.0 |   673
           D:9 |       0 |    1216 |   0.0 |       0 |       8 |   0.0 |   443
               +---------+---------+-------+---------+---------+-------+---------

Vault maps used:
D:1:      dpeg_arrival_tiny_j, serial_curves, eino_curves_04, eino_curves_03
D:2:      wad_river_or_something, gammafunk_temple_overflow_forgotten,
          serial_forest, infiniplex_forest_clump_tiny,
          infiniplex_forest_clump_small, infiniplex_forest_lined_room_3,
          infiniplex_forest_clump_tiny, infiniplex_forest_lined_corner,
          infiniplex_forest_end_2, kennysheep_generic_room_11
D:3:      first_ration, grunt_ministairs_8, tso_altar, uniq_sigmund
D:4:      lemuel_doored_altar, temple_pool_b
D:5:      lemuel_coloured_pillars_altar, trog_book, uniq_ijyb
D:6:      kennysheep_okawaru_gauntlet, serial_shops, shop,
          uniq_crazy_yiuf_cottage, uniq_menkaure
D:7:      enter_ossuary_4, the_bakery, uniq_pikel
D:9:      minmay_lair_entry_grove, david_orc_2, uniq_joseph
Temple:   eino_temple_scatter_basement

Table legend:
 A = Turns spent in this place as a percentage of turns spent in the entire game.
 B = Non-inter-level travel turns spent in this place as a percentage of non-inter-level travel turns spent in the entire game.
 C = Inter-level travel turns spent in this place as a percentage of turns spent in this place.
 D = Turns resting spent in this place as a percentage of non-inter-level travel turns spent in this place.
 E = Turns spent auto-exploring this place as a percentage of non-inter-level travel turns spent in this place.
 F = Non-inter-level travel turns spent in this place divided by the number of levels of this place that you've seen.
                   A       B       C       D       E      F
               +-------+-------+-------+-------+-------+----------------------
         Total | 100.0 | 100.0 |   3.0 |  42.5 |  37.5 | 1390.9
       Dungeon |  98.3 |  98.5 |   2.8 |  43.2 |  36.8 | 1522.3
        Temple |   1.7 |   1.5 |  12.6 |   0.0 |  84.1 | 208.0
               +-------+-------+-------+-------+-------+----------------------

Table legend:
 A = Kills in this place as a percentage of kills in entire the game.
 B = Kills by you in this place as a percentage of kills by you in the entire game.
 C = Kills by friends in this place as a percentage of kills by friends in the entire game.
 D = Other kills in this place as a percentage of other kills in the entire game.
 E = Experience gained in this place as a percentage of experience gained in the entire game.
 F = Experience gained in this place divided by the number of levels of this place that you have seen.
                   A       B       C       D       E      F
               +-------+-------+-------+-------+-------+----------------------
         Total | 100.0 | 100.0 | 100.0 | 100.0 | 100.0 | 525.6
       Dungeon | 100.0 | 100.0 | 100.0 | 100.0 | 100.0 | 584.0
               +-------+-------+-------+-------+-------+----------------------
